 Dungeon Crawl Stone Soup version 0.29.1-15-g9cfb28693d (webtiles) character file.

Game seed: 9753986509790550450

86 javelincjr the Caller (level 4, -8/32 HPs)
             Began as a Gnoll Summoner on Apr 11, 2023.
             Mangled by an ice beast (11 damage)
             ... on level 3 of the Dungeon.
             The game lasted 00:09:06 (2164 turns).

javelincjr the Caller (Gnoll Summoner)              Turns: 2164, Time: 00:09:06

Health: -8/32      AC:  7    Str:  9    XL:     4   Next: 50%
Magic:  5/11       EV: 13    Int: 14    God:
Gold:   127        SH:  0    Dex: 13    Spells: 4/13 levels left

rFire   . . .      SeeInvis .   o - +0 dagger (vamp)
rCold   . . .      Faith    .   (no shield)
rNeg    . . .      Spirit   .   a - +0 robe
rPois   .          Reflect  .   (no helmet)
rElec   .          Harm     .   (no cloak)
rCorr   .          Rampage  .   c - +0 pair of gloves
Will    .....                   (no boots)
Stlth   +++.......              (no amulet)
HPRegen 0.10/turn               j - +4 ring of protection
MPRegen 0.12/turn               (no ring)

@: no status effects
A: fangs 1, strong nose, distributed training
a: no special abilities


You were on level 3 of the Dungeon.
You visited 1 branch of the dungeon, and saw 3 of its levels.

You collected 127 gold pieces.

Inventory:

Hand Weapons
 d - a +0 dagger
 o - a +0 vampiric dagger (weapon)
Armour
 a - a +0 robe (worn)
 c - a +0 pair of gloves (worn)
 l - a +0 kite shield
Magical Staves
 n - a staff of fire
Jewellery
 j - a +4 ring of protection (left hand)
Wands
 q - a wand of light (11)
Scrolls
 e - a scroll of magic mapping {unknown}
 g - a scroll of butterflies {unknown}
 k - a scroll of fear {unknown}
 p - a scroll of poison {unknown}
 r - 3 scrolls of identify {unknown}
 s - a scroll of noise {unknown}
 w - 2 scrolls of enchant armour {unknown}
Potions
 b - a potion of magic
 f - 3 potions of brilliance {unknown}
 h - a potion of might {unknown}
 i - a potion of mutation {unknown}
 m - a potion of resistance {unknown}
 t - 5 potions of curing {unknown}
 u - a potion of degeneration {unknown}
 v - a potion of cancellation {unknown}


   Skills:
 + Level 1.2 Fighting
 + Level 1.2 Short Blades
 + Level 1.2 Long Blades
 + Level 1.2 Axes
 + Level 1.2 Maces & Flails
 + Level 1.2 Polearms
 + Level 1.2 Staves
 + Level 1.2 Ranged Weapons
 + Level 1.2 Throwing
 + Level 1.2 Armour
 + Level 4.7 Dodging
 + Level 4.3 Stealth
 + Level 1.2 Shields
 + Level 1.2 Unarmed Combat
 + Level 5.1 Spellcasting
 + Level 1.0 Conjurations
 + Level 1.0 Hexes
 + Level 7.1 Summonings
 + Level 1.0 Necromancy
 + Level 1.0 Translocations
 + Level 1.0 Transmutations
 + Level 1.0 Fire Magic
 + Level 1.0 Ice Magic
 + Level 1.0 Air Magic
 + Level 1.0 Earth Magic
 + Level 1.0 Poison Magic
 + Level 1.3 Invocations
 + Level 1.2 Evocations


You had 4 spell levels left.
You knew the following spells:

 Your Spells              Type           Power      Damage    Failure   Level
a - Summon Small Mammal   Summ           92%        N/A       1%          1
b - Call Imp              Summ           23%        N/A       1%          2
c - Call Canine Familiar  Summ           23%        N/A       2%          3
d - Summon Guardian Gole  Hex/Summ       15%        N/A       10%         3

Your spell library contained the following spells:

 Spells                   Type           Power      Damage    Failure   Level
 Summon Lightning Spire   Summ/Air       15%        N/A       32%         4
 Fireball                 Conj/Fire      3%         3d4       97%         5
 Iskenderun's Battlesphe  Conj           6%         2d6       97%         5
 Conjure Ball Lightning   Conj/Air       3%         3x3d6     100%        6
 Orb of Destruction       Conj           3%         9d5       100%        7


Dungeon Overview and Level Annotations

Branches:
Dungeon (3/15)

Altars:
Wu Jian


Innate Abilities, Weirdness & Mutations

You have very sharp teeth.
Your uncanny sense of smell can sniff out nearby items.
Your experience applies equally to all skills.


Message History

You hit the ice beast but do no damage.
The ice beast is moderately wounded.
Your crimson imp hits the ice beast.
The ice beast hits you but does no damage.
You hit the ice beast but do no damage. You punch the ice beast.
The ice beast is heavily wounded.
Your crimson imp closely misses the ice beast.
The ice beast hits you. The ice beast freezes you!
You hit the ice beast but do no damage.
The ice beast is heavily wounded.
Your crimson imp barely misses the ice beast.
The ice beast hits you but does no damage.
You barely miss the ice beast.
The ice beast is heavily wounded.
Your crimson imp hits the ice beast.
The ice beast barely misses you.
You hit the ice beast.
The ice beast is heavily wounded.
Your crimson imp blinks!
The ice beast closely misses you.
You hit the ice beast but do no damage.
The ice beast is heavily wounded.
Your crimson imp hits the ice beast.
The ice beast closely misses you.
You hit the ice beast.
The ice beast is severely wounded.
Your crimson imp hits the ice beast but does no damage.
The ice beast hits you but does no damage.
You hit the ice beast but do no damage.
The ice beast is severely wounded.
Your crimson imp hits the ice beast but does no damage.
The ice beast hits you. The ice beast freezes you!
* * * LOW HITPOINT WARNING * * *
You hit the ice beast but do no damage.
The ice beast is severely wounded.
Your crimson imp hits the ice beast.
The ice beast misses you.
Casting: Call Imp (safe; 1% risk of failure)
Confirm with . or Enter, or press ? or * to list all spells.
Your crimson imp hits the ice beast.
The ice beast hits you.
* * * LOW HITPOINT WARNING * * *
The ice beast freezes you!
You die...

....# ## #.#.# . #.#.# ##
#.#.#.## ..###.#.#..#
#.#..[...#.#
#.#...#..#.####
#5#####..#....#
#.###9Y@..)..#..#.####
#.....b#####.#..)....#
######.# #.#.##.##.###
#.#####.#.##.##....
#.......#....######
##########################
.......<..................
##########################


You could see an ice beast (ally target), a friendly guardian golem (summoned,
inner flame), a friendly crimson imp (summoned, sheltered) and a friendly bat
(summoned, sheltered).

Vanquished Creatures
  A worm (D:2)
  A dart slug (D:1)
  A bat (D:1)
  2 endoplasms (D:1)
  A goblin (D:2)
  A quokka (D:1)
  2 ball pythons (D:1)
  A frilled lizard (D:2)
  2 kobolds
  3 rats (D:1)
15 creatures vanquished.

Vanquished Creatures (collateral kills)
  3 adders (D:2)
  3 worms (D:2)
  A bat (D:1)
  4 endoplasms
  2 giant cockroaches (D:1)
  2 goblins
  8 hobgoblins
  A kobold (D:1)
  A quokka (D:2)
  2 ball pythons
27 creatures vanquished.

Grand Total: 42 creatures vanquished

Notes
Turn   | Place    | Note
-------+----------+-------------------------------------------
     0 | D:1      | javelincjr the Gnoll Summoner began the quest for the Orb.
     0 | D:1      | Reached XP level 1. HP: 13/13 MP: 6/6
   397 | D:1      | Reached XP level 2. HP: 19/19 MP: 7/7
   403 | D:1      | Learned a level 2 spell: Call Imp
   748 | D:1      | Reached skill level 5 in Spellcasting
   748 | D:1      | Reached XP level 3. HP: 24/25 MP: 7/9
   904 | D:1      | Learned a level 3 spell: Call Canine Familiar
   908 | D:1      | Learned a level 3 spell: Summon Guardian Golem
  1191 | D:2      | Reached skill level 1 in Invocations
  1245 | D:2      | Found an ornate altar of the Wu Jian Council.
  1423 | D:2      | Reached skill level 1 in Fighting
  1423 | D:2      | Reached skill level 1 in Short Blades
  1423 | D:2      | Reached skill level 1 in Long Blades
  1423 | D:2      | Reached skill level 1 in Axes
  1423 | D:2      | Reached skill level 1 in Maces & Flails
  1423 | D:2      | Reached skill level 1 in Polearms
  1423 | D:2      | Reached skill level 1 in Staves
  1423 | D:2      | Reached skill level 1 in Ranged Weapons
  1423 | D:2      | Reached skill level 1 in Throwing
  1423 | D:2      | Reached skill level 1 in Armour
  1423 | D:2      | Reached skill level 1 in Shields
  1423 | D:2      | Reached skill level 1 in Unarmed Combat
  1423 | D:2      | Reached skill level 1 in Evocations
  1506 | D:2      | Reached XP level 4. HP: 30/32 MP: 2/11
  1666 | D:2      | Reached skill level 1 in Conjurations
  1666 | D:2      | Reached skill level 1 in Hexes
  1666 | D:2      | Reached skill level 1 in Necromancy
  1666 | D:2      | Reached skill level 1 in Translocations
  1666 | D:2      | Reached skill level 1 in Transmutations
  1666 | D:2      | Reached skill level 1 in Fire Magic
  1666 | D:2      | Reached skill level 1 in Ice Magic
  1666 | D:2      | Reached skill level 1 in Air Magic
  1666 | D:2      | Reached skill level 1 in Earth Magic
  1666 | D:2      | Reached skill level 1 in Poison Magic
  2134 | D:3      | Noticed an ice beast
  2164 | D:3      | Mangled by an ice beast

Illustrated notes

Levels and vault maps discovered:
D:1:      elethiomel_arrival_quiet, layout_loops_ring
D:2:      layout_rooms, basic_altar, grunt_ministairs_2,
          minmay_increasing_density
D:3:      layout_basic, dreamdust_ecumenical_altar_hidden_monk_grotto,
          uniq_natasha

Skill      XL: |  1  2  3  4 |
---------------+-------------+-----
Spellcasting   | 5 |  5.1
Invocations    | 1 |  1.3
Fighting       | 1 |  1.2
Short Blades   | 1 |  1.2
Long Blades    | 1 |  1.2
Axes           | 1 |  1.2
Maces & Flails | 1 |  1.2
Polearms       | 1 |  1.2
Staves         | 1 |  1.2
Ranged Weapons | 1 |  1.2
Throwing       | 1 |  1.2
Armour         | 1 |  1.2
Shields        | 1 |  1.2
Unarmed Combat | 1 |  1.2
Evocations     | 1 |  1.2
Conjurations   | 1 |  1.0
Hexes          | 1 |  1.0
Necromancy     | 1 |  1.0
Translocations | 1 |  1.0
Transmutations | 1 |  1.0
Fire Magic     | 1 |  1.0
Ice Magic      | 1 |  1.0
Air Magic      | 1 |  1.0
Earth Magic    | 1 |  1.0
Poison Magic   | 1 |  1.0
Dodging        | |  4.7
Stealth        | |  4.3
Summonings     | |  7.1

Action                   |  1- 3 |  4- 6 || total
-------------------------+-------+-------++-------
Melee: Unarmed           |     7 |       ||     7
       Dagger            |    44 |    22 ||    66
       Bite              |     5 |       ||     5
       Punch             |     1 |     1 ||     2
 Cast: Summon Small Mamm |    21 |     6 ||    27
       Call Imp          |     7 |     4 ||    11
       Call Canine Famil |     4 |     5 ||     9
       Summon Guardian G |     2 |     1 ||     3
 Stab: Sleeping          |     5 |     1 ||     6
Armor: Robe              |    17 |     6 ||    23
Dodge: Dodged            |    25 |    12 ||    37
